Map: Ruby Rock LE

Players

RatKing - Winner!

  • Race: Zerg Zerg
  • Spawn Location: 11:00

SCIInewby

  • Race: Protoss Protoss
  • League: Master
  • Spawn Location: 5:00

VOD

Have the link to the VOD?

Description

Time

  • Played on: Feb. 5, 2026, 8:16 p.m.
  • Length: 10:16
Show
View Real Time Build Order
Export as new Build Order

RatKing Zerg - Winner!

Build Orders: Hatch First 

Get SALT Encoding   

  12  0:00  Drone  
  13  0:13  Overlord  
  13  0:16  Drone  
  14  0:32  Drone x2  
  16  0:42  Drone  
  17  0:53  Hatchery  
  17  0:56  Drone  
  17  0:59  Drone  
  18  1:09  Extractor  
  17  1:16  Spawning Pool  
  16  1:18  Drone  
  16  1:22  Drone  
  18  1:30  Drone  
  19  1:43  Drone  
  20  1:53  Overlord  
  20  2:05  Queen x2  
  20  2:06  Zergling x2  
  20  2:08  Zergling x2  
  26  2:12  Drone  
  27  2:20  Drone  
  27  2:22  Metabolic Boost  
  28  2:31  Drone x2  
  30  2:41  Drone x2  
  32  2:55  Drone  
  32  2:56  Drone x2  
  35  3:13  Overlord  
  35  3:16  Drone  
  35  3:17  Hatchery, Drone  
  35  3:18  Overlord  
  36  3:30  Queen  
  36  3:31  Drone x4  
  36  3:33  Overlord  
  42  3:44  Drone x4  
  46  3:50  Extractor  
  46  3:52  Baneling Nest  
  46  3:54  Drone  
  46  3:55  Drone  
  46  4:16  Zergling x12  
  52  4:38  Drone  
  52  4:39  Drone x8  
  52  4:40  Overlord  
  52  4:42  Overlord  
  61  4:56  Spore Crawler  
  61  4:57  Drone  
  61  5:01  Spore Crawler  
  61  5:03  Spore Crawler  
  61  5:04  Drone  
  60  5:07  Drone  
  60  5:09  Drone x7  
  68  5:27  Lair  
  68  5:32  Evolution Chamber  
  68  5:34  Evolution Chamber  
  66  5:37  Hatchery x2  
  66  5:39  Zergling x24  
  76  5:58  Zergling x12  
  76  6:01  Overlord x2  
  82  6:05  Hatchery  
  82  6:08  Zerg Melee Weapons Level 1  
  82  6:09  Zerg Ground Armor Level 1  
  81  6:19  Hatchery  
  81  6:24  Zergling x18  
  88  6:33  Centrifugal Hooks  
  88  6:37  Zergling x18  
  97  7:03  Zergling x24  
  97  7:06  Overlord x5  
  109  7:16  Queen  
  109  7:18  Baneling  
  109  7:19  Baneling x18  
  109  7:36  Zergling x42  
  127  7:50  Drone  
  128  7:54  Zergling x24  
  140  8:00  Baneling x6  
  131  8:49  Baneling x16  
  131  8:50  Baneling  
  131  8:54  Zergling x24  
  131  8:55  Zergling x12  
  149  9:06  Drone x6  
  139  9:28  Spore Crawler  
  135  9:32  Spore Crawler x2  
  135  9:33  Spore Crawler  
  135  9:37  Spore Crawler x4  
  126  9:39  Spore Crawler  
  126  9:40  Spore Crawler  
  126  9:44  Baneling Nest, Spore Crawler  
  115  9:46  Spore Crawler x2  
  115  9:47  Spore Crawler, Zergling x2  
  115  9:48  Zergling x44  
  130  9:58  Hatchery  
Show
View Real Time Build Order
Export as new Build Order

SCIInewby Protoss 

Build Orders: Nexus First 

Get SALT Encoding   

  12  0:01  Probe  
  13  0:13  Probe  
  14  0:25  Pylon  
  14  0:29  Probe  
  15  0:44  Probe  
  16  0:59  Nexus  
  16  1:12  Forge  
  16  1:36  Probe  
  17  1:44  Probe  
  17  1:49  Photon Cannon  
  18  1:57  Gateway  
  18  2:00  Pylon  
  18  2:02  Photon Cannon  
  18  2:07  Probe  
  18  2:09  Probe, Assimilator  
  20  2:15  Probe  
  20  2:17  Probe  
  22  2:26  Probe  
  22  2:27  Assimilator, Probe  
  24  2:37  Pylon  
  24  2:41  Probe x2  
  26  2:47  Zealot  
  28  2:52  Protoss Ground Weapons Level 1  
  28  3:01  Cybernetics Core  
  28  3:07  Pylon  
  28  3:15  Probe  
  28  3:16  Probe  
  30  3:23  Probe  
  30  3:24  Probe  
  30  3:29  Assimilator  
  30  3:32  Probe x2  
  30  3:33  Assimilator  
  32  3:35  Zealot  
  32  3:40  Warp Gate  
  36  3:49  Twilight Council  
  36  3:50  Probe x2  
  38  3:59  Pylon  
  38  4:02  Probe  
  39  4:03  Probe  
  40  4:14  Probe  
  40  4:15  Probe, Gateway  
  42  4:20  Charge  
  42  4:24  Gateway  
  42  4:32  Probe  
  42  4:33  Probe  
  44  4:45  Probe, Dark Shrine  
  45  4:46  Probe  
  45  4:50  Stalker  
  46  4:57  Probe  
  46  4:58  Probe  
  50  5:00  Photon Cannon  
  50  5:09  Probe  
  51  5:14  Pylon  
  51  5:16  Protoss Shields Level 1  
  51  5:29  Gateway  
  51  5:38  Probe  
  51  5:39  Probe  
  51  5:42  Stargate  
  53  5:44  Stargate  
  53  5:49  Stalker  
  55  5:51  Zealot  
  55  5:54  Nexus  
  57  5:57  Pylon  
  57  6:03  Zealot  
  59  6:08  Protoss Air Weapons Level 1  
  59  6:20  Pylon  
  59  6:23  Pylon  
  59  6:25  Probe x2  
  61  6:26  Pylon  
  61  6:27  Assimilator  
  61  6:29  Assimilator  
  61  6:32  Zealot x3  
  66  6:47  Fleet Beacon  
  66  6:48  Dark Templar  
  66  6:52  Dark Templar  
  66  6:53  Dark Templar  
  72  6:59  Protoss Ground Weapons Level 2  
  72  7:04  Dark Templar  
  72  7:05  Blink  
  74  7:10  Probe x2  
  74  7:11  Probe  
  77  7:27  Robotics Facility  
  73  7:48  Zealot x3  
  73  7:49  Zealot  
  79  7:55  Carrier x2  
  79  8:03  Probe  
  79  8:05  Probe x2  
  94  8:11  Probe  
  94  8:17  Probe x2  
  79  8:29  Probe  
  67  8:36  Stalker x4  
  57  8:52  Carrier  
  57  8:59  Zealot x2  
  57  9:00  Zealot  
  62  9:20  Pylon  
  62  9:23  Pylon  
  52  9:26  Pylon  
Tags
 
Add a new tag
Caveats
  • Supply blocks, unpowered buildings, or Contaminate may cause inaccurate times.
  • Supply counts are checked every 10 seconds.